 Dungeon Crawl Stone Soup version 0.21.1-1-g345015f (webtiles) character file.

47 vatarom the Protected (level 3, -4/28 HPs)
             Began as a Gnoll Wanderer on May 25, 2018.
             Was a Follower of Dithmenos.
             Shot with an arrow by a centaur (10 damage)
             ... on level 2 of the Dungeon.
             The game lasted 00:01:28 (586 turns).

vatarom the Protected (Gnoll Wanderer)               Turns: 586, Time: 00:01:29

Health: -4/28      AC:  6    Str: 18    XL:     3   Next: 70%
Magic:  4/4        EV: 11    Int: 13    God:    Dithmenos [*.....]
Gold:   19         SH:  0    Dex: 12    Spells: 3/3 levels left

rFire    . . .     SeeInvis .   a - +2 hand axe
rCold    . . .     Gourm    .   (no shield)
rNeg     . . .     Faith    .   c - +0 ring mail
rPois    .         Spirit   .   (no helmet)
rElec    .         Reflect  .   (no cloak)
rCorr    .         Harm     .   (no gloves)
MR       .....                  (no boots)
Stlth    +.........             (no amulet)
HPRegen  0.09/turn              (no ring)
MPRegen  0.09/turn              (no ring)

@: wreathed by umbra
A: distributed training, fangs 1, strong nose
a: Renounce Religion


You were on level 2 of the Dungeon.
You worshipped Dithmenos.
Dithmenos was aware of your devotion.
You were not hungry.

You visited 1 branch of the dungeon, and saw 2 of its levels.

You collected 19 gold pieces.

Inventory:

Hand Weapons
 a - a +2 hand axe (weapon)
Missiles
 h - a throwing net (quivered)
Armour
 c - a +0 ring mail (worn)
Potions
 b - a potion of curing
 e - a potion of heal wounds {unknown}
 f - a potion of flight {unknown}
 g - a potion of lignification {unknown}
Comestibles
 d - 2 rations


   Skills:
 + Level 2.6 Fighting
 + Level 0.9 Short Blades
 + Level 0.9 Long Blades
 + Level 4.5 Axes
 + Level 0.9 Maces & Flails
 + Level 0.9 Polearms
 + Level 0.9 Staves
 + Level 0.9 Slings
 + Level 2.6 Bows
 + Level 0.9 Crossbows
 + Level 2.6 Throwing
 + Level 8.5 Armour
 + Level 0.9 Dodging
 + Level 2.4 Stealth
 + Level 0.9 Shields
 + Level 0.9 Unarmed Combat
 + Level 0.9 Spellcasting
 + Level 0.6 Conjurations
 + Level 0.6 Hexes
 + Level 0.6 Charms
 + Level 0.6 Summonings
 + Level 0.6 Necromancy
 + Level 0.6 Translocations
 + Level 0.6 Transmutations
 + Level 0.6 Fire Magic
 + Level 0.6 Ice Magic
 + Level 0.6 Air Magic
 + Level 0.6 Earth Magic
 + Level 0.6 Poison Magic
 + Level 1.0 Invocations
 + Level 0.9 Evocations


You had 3 spell levels left.
You didn't know any spells.

Dungeon Overview and Level Annotations

Branches:
Dungeon (2/15)

Altars:
Dithmenos


Innate Abilities, Weirdness & Mutations

Your experience applies equally to all skills.
You have very sharp teeth.
Your uncanny sense of smell can sniff out nearby items.


Message History

Moving in this stuff is going to be slow.
The centaur shouts!
The centaur shoots an arrow.
The arrow closely misses you.
The centaur shoots an arrow.
The arrow barely misses you.
You see here 2 arrows.
You enter the shallow water.
Moving in this stuff is going to be slow.
The centaur shoots an arrow.
The arrow hits you!
You hear a splash.
The centaur shoots an arrow.
The arrow hits you but does no damage.
You hear a splash.
You see here 2 arrows.
The centaur shoots an arrow.
The arrow hits you.
* * * LOW HITPOINT WARNING * * *
You see here 3 arrows.
You enter the shallow water.
Moving in this stuff is going to be slow.
The rat twitches its whiskers.
The centaur shoots an arrow.
The arrow hits you!
You die...

#..≈≈≈≈.≈≈≈≈..#
#..≈≈≈(c♣≈≈≈≈≈
##..≈≈≈..♣≈≈≈..
..
#...≈≈r≈≈≈≈≈≈..
..
#..≈≈≈≈≈≈≈≈≈≈≈.
#.#
#...≈≈≈(≈≈≈≈≈≈.
###.#
#...≈..(≈≈[≈.≈≈
#....
#)≈..≈.≈≈..≈≈≈.
###.#.#
#†#####@#######
#.....#
#.......# #
#.... #######†#
#.#.... #.#
#.#...# #.#
#...... #.#
#...... #.#
#...... #.#
#...... #.#
##.....


You could see a centaur and a rat.

Vanquished Creatures
  3 adders (D:2)
  2 dart slugs (D:2)
  4 goblins (D:2)
  A hobgoblin (D:2)
  A jackal (D:1)
  3 bats (D:2)
  2 kobolds (D:2)
  4 rats (D:2)
20 creatures vanquished.

Notes
Turn   | Place    | Note
-------+----------+-------------------------------------------
     0 | D:1      | vatarom the Gnoll Wanderer began the quest for the Orb.
     0 | D:1      | vatarom set off with: a +2 hand axe, a potion of curing, a +0 ring mail, a ration
     0 | D:1      | Reached XP level 1. HP: 17/17 MP: 1/1
    86 | D:1      | You fall through a shaft!
   145 | D:2      | Reached XP level 2. HP: 23/23 MP: 2/2
   435 | D:2      | Found a faded altar of an unknown god.
   439 | D:2      | Reached XP level 3. HP: 28/28 MP: 3/3
   453 | D:2      | Noticed a centaur
   456 | D:2      | Became a worshipper of Dithmenos the Shadowed
   456 | D:2      | Reached * piety under Dithmenos
   471 | D:2      | Reached skill level 1 in Invocations
   586 | D:2      | Shot with an arrow by a centaur

Skill      XL: |  1  2  3 |
---------------+----------+-----
Invocations    | 1 |  1.0
Fighting       | |  2.6
Short Blades   | |  0.9
Long Blades    | |  0.9
Axes           | |  4.5
Maces & Flails | |  0.9
Polearms       | |  0.9
Staves         | |  0.9
Slings         | |  0.9
Bows           | |  2.6
Crossbows      | |  0.9
Throwing       | |  2.6
Armour         | |  8.5
Dodging        | |  0.9
Stealth        | |  2.4
Shields        | |  0.9
Unarmed Combat | |  0.9
Spellcasting   | |  0.9
Conjurations   | |  0.6
Hexes          | |  0.6
Charms         | |  0.6
Summonings     | |  0.6
Necromancy     | |  0.6
Translocations | |  0.6
Transmutations | |  0.6
Fire Magic     | |  0.6
Ice Magic      | |  0.6
Air Magic      | |  0.6
Earth Magic    | |  0.6
Poison Magic   | |  0.6
Evocations     | |  0.9

Action                   || total
-------------------------++-------
Melee: Hand axe          ||    39
       Bite              ||     2
 Stab: Distracted        ||     1
Armor: Ring mail         ||    17
Dodge: Dodged            ||    39
